 Dungeon Crawl Stone Soup version 0.24-a0-208-g17bec22d17 (webtiles) character file.

Game seed: 6876099334470038486

21 Redear the Ducker (level 2, 0/14 HPs)
             Began as a Felid Monk on Mar 29, 2019.
             Succumbed to a kobold's poison
             ... on level 1 of the Dungeon.
             The game lasted 00:01:06 (440 turns).

Redear the Ducker (Felid Monk)                       Turns: 440, Time: 00:01:07

Health: 0/14       AC:  1    Str:  7    XL:     2   Next: 62%
Magic:  3/3        EV: 25    Int: 11    God:
Gold:   20         SH:  0    Dex: 23    Spells: 1/1 levels left
                                        Lives:  0   Deaths: 0

rFire    . . .     SeeInvis +     - Unarmed
rCold    . . .     Gourm    .   (shield unavailable)
rNeg     . . .     Faith    .   (armour unavailable)
rPois    .         Spirit   .   (helmet unavailable)
rElec    .         Reflect  .   (cloak unavailable)
rCorr    .         Harm     .   (gloves unavailable)
MR       .....                  (boots unavailable)
Stlth    ++++......             (no amulet)
HPRegen  0.04/turn              (no ring)
MPRegen  0.08/turn              (no ring)

@: agile, lethally poisoned (0 -> -9), flying, quick
A: very small, no armour, no weapons or thrown items, stealth, claws 1, fangs 3,
see invisible, carnivore, speed 1, shaggy fur 1, slow metabolism 1, sharp paws
a: no special abilities


You were on level 1 of the Dungeon.
You were not hungry.

You visited 1 branch of the dungeon, and saw 1 of its levels.

You collected 20 gold pieces.

Inventory:

Scrolls
 b - a scroll of random uselessness {unknown}
Potions
 d - a potion of flight
Comestibles
 a - a ration


   Skills:
 + Level 3.2 Fighting
 + Level 4.2 Dodging
 + Level 3.3 Stealth
 + Level 3.2 Unarmed Combat


You had one spell level left.
You didn't know any spells.
Your spell library was empty.

Dungeon Overview and Level Annotations

Branches:
Dungeon (1/15)

Altars:


Innate Abilities, Weirdness & Mutations

You cannot wear armour.
You are incapable of wielding weapons or throwing items.
Your paws allow you to move quietly. (Stealth)
You have sharp claws.
You have razor-sharp teeth.
You have supernaturally acute eyesight. (SInv)
You are carnivorous and can eat meat at any time.
You cover ground quickly.
You are covered in fur. (AC +1)
You have a slow metabolism.
Your sharp claws are effective at attacking unaware monsters.


Message History

The kobold throws a stone.
The stone hits you.
* * * LOW HITPOINT WARNING * * *
You take 1 damage, and have 4/14 hp.
* * * LOW HITPOINT WARNING * * *
You feel sick. The kobold completely misses you.
You see here a stone.
You take 1 damage, and have 3/14 hp.
You scratch the kobold.
You kill the kobold!
* * * LOW HITPOINT WARNING * * *
You feel sick.
Things that are here:
a +0 dagger of venom; 2 stones You take 1 damage, and have 2/14 hp.
* * * LOW HITPOINT WARNING * * *
You feel sick.
You see here a whip.
You take 1 damage, and have 1/14 hp.
Unknown command.
You die...

#....#.#.....#..<..
#....#.#..#..#.....
####...#..#..#.....
#...............
#.#.......#..#..
#(#.#.(#.....#..
#####(##############
#....)# #.!@..+
#....)# #.....#
#######


There were no monsters in sight!

Levels and vault maps discovered:
D:1:      dpeg_arrival_ternary, layout_basic

Notes
Turn   | Place    | Note
-------+----------+-------------------------------------------
     0 | D:1      | Redear the Felid Monk began the quest for the Orb.
     0 | D:1      | Reached XP level 1. HP: 10/10 MP: 2/2
    41 | D:1      | Identified a cursed -3 club
    73 | D:1      | Reached skill level 3 in Stealth
   122 | D:1      | Identified a +0 short sword
   151 | D:1      | Reached XP level 2. HP: 8/14 MP: 3/3
   426 | D:1      | Identified a +0 dagger of venom
   431 | D:1      | Identified 2 potions of flight
   432 | D:1      | Identified a potion of agility
   434 | D:1      | HP: 3/14 [poisoned by a kobold]
   438 | D:1      | HP: 1/14 [poisoned by a kobold]
   440 | D:1      | Succumbed to a kobold's poison

Table legend:
 A = Turns spent in this place as a percentage of turns spent in the entire game.
 B = Non-inter-level travel turns spent in this place as a percentage of non-inter-level travel turns spent in the entire game.
 C = Inter-level travel turns spent in this place as a percentage of turns spent in this place.
 D = Turns resting spent in this place as a percentage of non-inter-level travel turns spent in this place.
 E = Turns spent auto-exploring this place as a percentage of non-inter-level travel turns spent in this place.
 F = Non-inter-level travel turns spent in this place divided by the number of levels of this place that you've seen.
                   A       B       C       D       E      F
               +-------+-------+-------+-------+-------+----------------------
         Total | 100.0 | 100.0 |   0.0 |  55.2 |  27.0 | 440.0
       Dungeon | 100.0 | 100.0 |   0.0 |  55.2 |  27.0 | 440.0
               +-------+-------+-------+-------+-------+----------------------

Table legend:
 A = Kills in this place as a percentage of kills in entire the game.
 B = Kills by you in this place as a percentage of kills by you in the entire game.
 C = Kills by friends in this place as a percentage of kills by friends in the entire game.
 D = Other kills in this place as a percentage of other kills in the entire game.
 E = Experience gained in this place as a percentage of experience gained in the entire game.
 F = Experience gained in this place divided by the number of levels of this place that you have seen.
                   A       B       C       D       E      F
               +-------+-------+-------+-------+-------+----------------------
         Total | 100.0 | 100.0 |   N/A |   N/A | 100.0 |  30.0
       Dungeon | 100.0 | 100.0 |   N/A |   N/A | 100.0 |  30.0
               +-------+-------+-------+-------+-------+----------------------

Skill      XL: |  1 |
---------------+----+-----
Stealth        | 3 |  3.3
Fighting       | |  3.2
Dodging        | |  4.2
Unarmed Combat | |  3.2

Action                   || total
-------------------------++-------
Melee: Unarmed           ||    34
       Bite              ||     6
  Use: Potion            ||     2
 Stab: Sleeping          ||     2
Dodge: Dodged            ||    29

Vanquished Creatures
  A gnoll (D:1)
  A leopard gecko (D:1)
  A giant cockroach (D:1)
  A goblin (D:1)
  A bat (D:1)
  4 kobolds (D:1)
  A rat (D:1)
10 creatures vanquished.
